 Dungeon Crawl Stone Soup version 0.29.1-12-g30fa7ad0bf (webtiles) character file.

Game seed: 15814440296384084769

389 cheesebisquit the Chopper (level 6, -6/53 HPs)
             Began as a Minotaur Berserker on Jan 8, 2023.
             Was a Believer of Trog.
             Succumbed to Duvessa's poison
             ... on level 4 of the Dungeon.
             The game lasted 00:13:11 (3758 turns).

cheesebisquit the Chopper (Minotaur Berserker)      Turns: 3758, Time: 00:13:12

Health: -6/53      AC:  6    Str: 24    XL:     6   Next: 49%
Magic:  0/14       EV: 11    Int:  4    God:    Trog [**....]
Gold:   93         SH:  2    Dex:  9    Spells: 5/5 levels left

rFire   . . .      SeeInvis .   a - +1 hand axe
rCold   . . .      Faith    .   j - +0 buckler
rNeg    . . .      Spirit   +   c - +0 ring mail
rPois   .          Reflect  .   (helmet restricted)
rElec   .          Harm     .   (no cloak)
rCorr   .          Rampage  .   (no gloves)
Will    .....                   y - +0 pair of boots
Stlth   ..........              s - amulet of guardian spirit
HPRegen 0.17/turn               p - ring of magical power
MPRegen 0.14/turn               (no ring)

@: lethally poisoned (-6 -> -45), about to teleport, on berserk cooldown,
slowed, very slow
A: horns 2, retaliatory headbutt
a: Renounce Religion, Berserk, Trog's Hand


You were on level 4 of the Dungeon.
You worshipped Trog.
Trog was pleased with you.
You visited 1 branch of the dungeon, and saw 4 of its levels.

You collected 149 gold pieces.
You spent 56 gold pieces at shops.

Inventory:

Hand Weapons
 a - a +1 hand axe (weapon)
 r - a +0 flail
 w - a +0 sling
Missiles
 g - 28 stones (quivered)
Armour
 c - a +0 ring mail (worn)
 j - a +0 buckler (worn)
 y - a +0 pair of boots (worn)
Jewellery
 p - a ring of magical power (left hand)
 s - an amulet of guardian spirit (around neck)
Scrolls
 d - 2 scrolls of fog {unknown}
 f - 2 scrolls of teleportation
 h - a scroll of enchant weapon
 k - 3 scrolls of vulnerability
 l - a scroll of immolation {unknown}
 m - a scroll of magic mapping
 o - a scroll of silence
 t - a scroll of enchant armour {unknown}
Potions
 e - a potion of might
 i - 2 potions of curing {unknown}
 n - a potion of lignification {unknown}
 q - a potion of attraction {unknown}
 u - 2 potions of ambrosia {unknown}
 v - a potion of degeneration {unknown}
 x - a potion of brilliance {unknown}


   Skills:
 - Level 4.3 Fighting
 + Level 7.8 Axes
 - Level 3.4 Armour
 - Level 3.1 Dodging


You had 5 spell levels left.
You didn't know any spells.
Your spell library was empty.

Dungeon Overview and Level Annotations

Branches:
Dungeon (4/15)
 Temple: D:4-7

Altars:
Cheibriados

Shops:
D:2 ?=(

Annotations:
D:4 Duvessa


Innate Abilities, Weirdness & Mutations

You have a pair of horns on your head.
You reflexively headbutt those who attack you in melee.


Message History

You feel the effects of Trog's Hand fading.
An endoplasm comes into view.
You hit Duvessa. Your headbutt misses Duvessa.
Duvessa is lightly wounded.
Duvessa completely misses you.
Duvessa hits you with a +2 rapier of venom!
You are poisoned.
Duvessa misses you.
You hit Duvessa. You headbutt Duvessa!
Duvessa is moderately wounded.
You feel very sick.
Duvessa hits you with a +2 rapier of venom!!
You are more poisoned.
Duvessa hits you with a +2 rapier of venom!
You are lethally poisoned!
As you read the scroll of teleportation, it crumbles to dust.
You feel strangely unstable.
Your skin stops crawling.
You feel less strong-willed.
* * * LOW HITPOINT WARNING * * *
You feel extremely sick.
Duvessa hits you with a +2 rapier of venom.
* * * LOW HITPOINT WARNING * * *
You are more poisoned.
Duvessa hits you with a +2 rapier of venom!
* * * LOW HITPOINT WARNING * * *
You are more poisoned.
You feel much better.
Your surroundings suddenly seem different.
A ball python, 2 goblins and 3 orcs come into view.
Found 8 gold pieces.
* * * LOW HITPOINT WARNING * * *
You feel extremely sick.
The goblin shouts!
The orc shouts! x3; You hear a shout!
The orc throws a boomerang.
The boomerang hits you but does no damage.
You hear a shout!
An orc comes into view. It is wielding a +0 trident.
As you read the scroll of teleportation, it crumbles to dust.
You feel strangely unstable.
You die...

**,* ***,,*****
*,*,,,,*,, ***,,,,,,,,,
*** *****,,,,,,,,,,, *,*
**,,,,,.,,,,,,,,,
##.####*,,,,...,*,,,,,,*
#......###...#,,*,,,,,**
#.....S@.....#***,,,,,,*
###..........#**,,,,,,,,
#.......o...#,,,,,,,,,
###..........,,,,,,,,,
#.g#..g.o..,<,,,,***
#..,.#.....,,,,***,,
#..,.....oo,>,,,,,,,
##.,.......,,,,,,...
***,,,,,,,,,***,...


You could see 4 orcs, 2 goblins and a ball python.

Vanquished Creatures
  An ogre (D:4)
  Dowan (D:4)
  A hound (D:3)
  An iguana (D:4)
  An orc wizard (D:3)
  3 gnolls (D:4)
  3 adders
  4 worms
  3 dart slugs
  14 orcs
  5 bats
  6 endoplasms
  A giant cockroach (D:3)
  5 hobgoblins
  3 jackals
  6 quokkas
  6 ball pythons
  4 frilled lizards
  9 goblins
  9 kobolds
  7 rats
93 creatures vanquished.

Vanquished Creatures (others)
  4 demonic plants (D:1)
  A fungus (D:1)
  3 plants (D:1)
  2 withered plants (D:1)
10 creatures vanquished.

Grand Total: 103 creatures vanquished

Notes
Turn   | Place    | Note
-------+----------+-------------------------------------------
     0 | D:1      | cheesebisquit the Minotaur Berserker began the quest for
                  | the Orb.
     0 | D:1      | Reached XP level 1. HP: 19/19 MP: 0/0
    92 | D:1      | Reached XP level 2. HP: 27/27 MP: 1/1
   405 | D:1      | Found a faded altar of an unknown god.
   533 | D:1      | Reached skill level 4 in Axes
   829 | D:1      | Reached ** piety under Trog
   830 | D:1      | Reached XP level 3. HP: 31/33 MP: 2/2
   985 | D:2      | Found Taeliowatt's Magic Scroll Emporium.
  1219 | D:2      | Found Esai's Jewellery Boutique.
  1424 | D:2      | Found Wyaweloi's Antique Weapon Shoppe.
  1742 | D:3      | Found a snail-covered altar of Cheibriados.
  1795 | D:3      | Reached XP level 4. HP: 39/41 MP: 3/3
  2133 | D:2      | Bought 2 scrolls of identify for 56 gold pieces
  2389 | D:3      | Reached skill level 5 in Axes
  2540 | D:3      | Reached XP level 5. HP: 30/47 MP: 4/4
  3298 | D:4      | Reached skill level 6 in Axes
  3641 | D:4      | Noticed an ogre
  3650 | D:4      | Killed an ogre
  3651 | D:4      | Reached skill level 7 in Axes
  3651 | D:4      | Reached XP level 6. HP: 51/53 MP: 5/5
  3729 | D:4      | Noticed Dowan
  3729 | D:4      | Noticed Duvessa
  3745 | D:4      | Killed Dowan
  3756 | D:4      | HP: 1/53 [Duvessa/+2 rapier of venom (5)]
  3758 | D:4      | Succumbed to Duvessa's poison

Illustrated notes

Levels and vault maps discovered:
D:1:      dpeg_arrival_pond, layout_loops_ring, shapermc_ecumenical_altar_gd,
          hangedman_decor_riveting, minmay_tetromino_l4
D:2:      layout_basic, serial_shops, shop_statue, shop,
          nicolae_shop_advertising_works [nicolae_subvault_shop_adworks]
D:3:      layout_basic, cheibriados_altar_1, corexii_leaking_fountain
D:4:      layout_cave_pools, uniq_edmund, uniq_duvessa

Skill      XL: |  1  2  3  4  5 |
---------------+----------------+-----
Fighting       | 4 |  4.3
Axes           | 4 5 7 |  7.8
Armour         | 3 |  3.4
Dodging        | 3 |  3.1

Action                   |  1- 3 |  4- 6 || total
-------------------------+-------+-------++-------
Melee: Hand axe          |    86 |   108 ||   194
       Headbutt          |    12 |    15 ||    27
Invok: Berserk           |     2 |     6 ||     8
       Trog's Hand       |     1 |     6 ||     7
  Use: Scroll            |       |     9 ||     9
       Potion            |       |     1 ||     1
Armor: Ring mail         |    25 |    25 ||    50
Dodge: Dodged            |    53 |    54 ||   107
Block: Buckler           |     1 |     9 ||    10
